 Dungeon Crawl Stone Soup version 0.28.0-53-g5a82cb258f (webtiles) character file.

Game seed: 4439371318715086654

1698 raph the Conjurer (level 8, -9/62 HPs)
             Began as a Pale Draconian Conjurer on June 28, 2022.
             Mangled by a wyvern (13 damage)
             ... on level 6 of the Dungeon.
             The game lasted 00:14:34 (8303 turns).

raph the Conjurer (Pale Draconian Conjurer)         Turns: 8303, Time: 00:14:35

Health: -9/62      AC:  9    Str:  9    XL:     8   Next: 72%
Magic:  4/15       EV: 26    Int: 21    God:
Gold:   294        SH:  4    Dex: 10    Spells: 7/17 levels left

rFire   . . .      SeeInvis .   m - +6 short sword
rCold   . . .      Faith    .   p - +0 buckler
rNeg    . . .      Spirit   .   (armour unavailable)
rPois   +          Reflect  .   (helmet restricted)
rElec   .          Harm     .   (no cloak)
rCorr   .          Rampage  .   (no gloves)
Will    .....                   f - +2 pair of boots
Stlth   ++........              d - amulet of the acrobat
HPRegen 0.20/turn               o - ring of poison resistance
MPRegen 0.14/turn               (no ring)

@: acrobatic
A: breathe steam, AC +6, unfitting armour, cold-blooded, steam resistance
a: Breathe Steam


You were on level 6 of the Dungeon.
You visited 1 branch of the dungeon, and saw 7 of its levels.

You collected 294 gold pieces.

Inventory:

Hand Weapons
 a - a +0 trident
 b - a +2 vampiric spear
 m - a +6 short sword (weapon)
Missiles
 i - a throwing net
 j - 3 javelins
 n - 4 poisoned darts
Armour
 f - a +2 pair of boots (worn)
 p - a +0 buckler (worn)
Jewellery
 d - an amulet of the acrobat (around neck)
 o - a ring of poison resistance (left hand)
 q - a +6 ring of strength
 s - a +4 ring of evasion
Wands
 k - a wand of acid (9)
Scrolls
 c - a scroll of fog
 l - a scroll of enchant weapon
 t - a scroll of magic mapping
Potions
 e - 4 potions of mutation {unknown}
 g - 2 potions of invisibility {unknown}
 h - 2 potions of curing {unknown}
 r - a potion of magic {unknown}


   Skills:
 + Level 2.6 Fighting
 - Level 2.6 Dodging
 - Level 2.8 Stealth
 + Level 2.3 Shields
 * Level 5.0 Spellcasting
 * Level 7.6 Conjurations
 * Level 4.9 Hexes


You had 7 spell levels left.
You knew the following spells:

 Your Spells              Type           Power      Damage    Failure   Level
a - Magic Dart            Conj           100%       1d8       1%          1
b - Searing Ray           Conj           74%        2d7       1%          2
c - Dazzling Flash        Conj/Hex       62%        N/A       3%          3
d - Fulminant Prism       Conj/Hex       15%        3d11      11%         4

Your spell library contained the following spells:

 Spells                   Type           Power      Damage    Failure   Level
 Ensorcelled Hibernation  Hex/Ice        30%        N/A       8%          2
 Blink                    Tloc           10%        N/A       22%         2
 Corpse Rot               Necr/Air       10%        N/A       22%         2
 Iskenderun's Mystic Bla  Conj/Tloc      21%        2d6       28%         4
 Lesser Beckoning         Tloc           5%         N/A       38%         3
 Spider Form              Tmut/Pois      5%         N/A       38%         3
 Anguish                  Hex/Necr       7%         N/A       45%         4
 Dispel Undead            Necr           5%         3d7       80%         4
 Manifold Assault         Tloc           5%         N/A       98%         5
 Death Channel            Necr           2%         N/A       100%        6


Dungeon Overview and Level Annotations

Branches:
Dungeon (7/15)
 Temple: D:4-7

Altars:
Ashenzari

Annotations:
D:6 Maggie


Innate Abilities, Weirdness & Mutations

You can breathe blasts of scalding, opaque steam.
Your pale cyan-grey scales are hard. (AC +6)
You cannot fit into any form of body armour.
You are cold-blooded and may be slowed by cold attacks.
You are immune to the effects of steam.


Message History

You finish channelling your searing ray.
The wyvern hisses angrily.
The gnoll sergeant is no longer blind.
The gnoll sergeant closely misses you.
Casting: Searing Ray (safe; 1% risk of failure)
Confirm with . or Enter, or press ? or * to list all spells.
Aiming: Searing Ray (safe; 1% risk of failure)
Press: ? - help, Shift-Dir - straight line, f/p - gnoll sergeant
Aim: a gnoll sergeant, wielding a +5 trident of freezing, wearing a +0 scale mail and wearing a +0 kite shield of reflection (severely wounded, 88% to hit)
The searing ray hits the gnoll sergeant but does no damage.
The gnoll sergeant is severely wounded. (Press . to maintain the ray.)
The gnoll sergeant hits you from afar with a +5 trident of freezing!
You feel yourself slow down. The gnoll sergeant freezes you.
The searing ray hits the gnoll sergeant but does no damage.
The gnoll sergeant is severely wounded.
You block the wyvern's attack. The gnoll sergeant misses you.
The searing ray hits the gnoll sergeant but does no damage.
The gnoll sergeant is severely wounded.
You feel yourself speed up. The wyvern completely misses you.
The gnoll sergeant hits you from afar with a +5 trident of freezing!
The gnoll sergeant freezes you. The wyvern closely misses you.
The gnoll sergeant completely misses you.
The searing ray hits the gnoll sergeant.
The gnoll sergeant is severely wounded.
You finish channelling your searing ray.
You have got your breath back.
The wyvern bites you! The wyvern bites you.
* * * LOW HITPOINT WARNING * * *
The gnoll sergeant barely misses you. The wyvern bites you!
* * * LOW HITPOINT WARNING * * *
The gnoll sergeant closely misses you.
You climb upwards.
Level annotation: Maggie
There is a stone staircase leading down here.
Okay, then.
The wyvern completely misses you. The wyvern bites you!
You die...

#.## *,,,,,* #.......#####
#..# ******* #.###..## # ##.#
#.###..# # #.# #.##...# *#
#.# #.##.#.# *. #.# #......#
#. #.# ############.### #.
#.#### #..l....####.#*** *,
#....####>##@........#*,** *,
####...[.))<.##.######,*,***,
######.#####.#*,,,,***,,*,
#.#####.#*,***,*,*,*,
#.......#*,***,,**,*,
#########*,*,,,,**,*,
*,*,*,***,,, *,,,,,*****,
*,,,,,,* *,


You could see a wyvern.

Vanquished Creatures
  A water moccasin (D:5)
  An ice beast (D:6)
  A sky beast (D:6)
  A black bear (D:6)
  A necrophage (D:5)
  An ogre (D:4)
  A bullfrog (D:4)
  A gnoll sergeant (D:5)
  A scorpion (D:6)
  A wyvern skeleton (D:3)
  A killer bee (D:6)
  4 wights
  A bullfrog zombie (D:6)
  A bullfrog skeleton (D:6)
  A jelly (D:5)
  A hound (D:4)
  A centaur skeleton (D:5)
  2 orc priests (D:6)
  Jessica (D:3)
  Ijyb (D:3)
  4 orc wizards
  An iguana (D:3)
  A hound skeleton (D:4)
  15 gnolls
  A howler monkey skeleton (D:5)
  6 adders
  2 white imps
  An adder skeleton (D:4)
  A worm (D:3)
  A dart slug (D:3)
  8 orcs
  4 endoplasms
  4 giant cockroaches
  7 goblins
  6 hobgoblins
  2 quokkas
  4 ball pythons
  4 bats
  2 frilled lizards
  10 kobolds
  4 rats (D:1)
112 creatures vanquished.

Vanquished Creatures (others)
  21 fulminant prisms
21 creatures vanquished.

Grand Total: 133 creatures vanquished

Notes
Turn   | Place    | Note
-------+----------+-------------------------------------------
     0 | D:1      | raph the Draconian Conjurer began the quest for the Orb.
     0 | D:1      | Reached XP level 1. HP: 14/14 MP: 3/3
   316 | D:1      | Found a faded altar of an unknown god.
   334 | D:1      | Reached XP level 2. HP: 20/20 MP: 1/5
   337 | D:1      | Learned a level 2 spell: Searing Ray
  1113 | D:2      | You fall into a shaft and drop 2 floors!
  1124 | D:4      | Reached XP level 3. HP: 25/26 MP: 1/6
  1178 | D:4      | Learned a level 3 spell: Dazzling Flash
  1216 | D:3      | Reached XP level 4. HP: 33/33 MP: 1/7
  1275 | D:3      | Noticed Jessica
  1281 | D:3      | Killed Jessica
  1282 | D:3      | Reached skill level 5 in Conjurations
  1283 | D:3      | Reached XP level 5. HP: 38/38 MP: 2/9
  2161 | D:2      | Reached skill level 1 in Hexes
  2463 | D:3      | Noticed Ijyb
  2471 | D:3      | Killed Ijyb
  3186 | D:3      | Reached XP level 6. HP: 45/45 MP: 5/10
  3191 | D:3      | Learned a level 4 spell: Fulminant Prism
  4768 | D:4      | Reached skill level 6 in Conjurations
  4950 | D:4      | Your scales start taking on a pale cyan-grey colour.
  4950 | D:4      | Reached XP level 7. HP: 50/50 MP: 6/11
  4950 | D:4      | Gained mutation: You are immune to the effects of steam.
                  | [Pale Draconian growth]
  5274 | D:5      | Entered Level 5 of the Dungeon
  5386 | D:5      | Found a broken altar of Ashenzari.
  5921 | D:5      | Reached skill level 1 in Fighting
  5921 | D:5      | Reached skill level 1 in Shields
  6129 | D:5      | Reached XP level 8. HP: 48/59 MP: 5/14
  6703 | D:6      | Reached skill level 7 in Conjurations
  6740 | D:6      | Noticed Maggie
  7991 | D:6      | Reached skill level 5 in Spellcasting
  8299 | D:7      | HP: 3/62 [wyvern (12)]
  8303 | D:6      | Mangled by a wyvern

Illustrated notes

Levels and vault maps discovered:
D:1:      wander_arrival_abandoned_jail, layout_basic,
          chequers_ecumenical_altar_simple_redux, chequers_serial_rivers_small_a
D:2:      layout_basic
D:3:      layout_basic, minmay_goblin_kobold_house, uniq_ijyb, uniq_jessica
D:4:      layout_rooms
D:5:      layout_cave_pods, mainiacjoe_overflow_surrounded_room
D:6:      minmay_spotlight, layout_loops_cross, uniq_maggie
D:7:      layout_rooms, minmay_temple_entry_glass, serial_shops,
          nicolae_stop_n_shop_2, shop, shop, shop, shop_fountains

Skill      XL: |  1  2  3  4  5  6  7  8 |
---------------+-------------------------+-----
Stealth        | 2 |  2.8
Dodging        | 2 |  2.6
Conjurations   | 5 6 7 |  7.6
Hexes          | 1 3 4 |  4.9
Spellcasting   | 3 4 5 |  5.0
Fighting       | 1 2 |  2.6
Shields        | 1 2 |  2.3

Action                   |  1- 3 |  4- 6 |  7- 9 || total
-------------------------+-------+-------+-------++-------
Melee: Trident           |     6 |       |       ||     6
       Tailslap          |     2 |     2 |       ||     4
       Punch             |     1 |       |       ||     1
       Spear             |    12 |    13 |       ||    25
       Short sword       |       |       |     6 ||     6
 Cast: Magic Dart        |    21 |    19 |     4 ||    44
       Searing Ray       |     5 |    34 |    13 ||    52
       Fulminant Prism   |       |    11 |    10 ||    21
       Dazzling Flash    |       |     1 |     4 ||     5
 Abil: Breathe Steam     |       |       |    18 ||    18
  Use: Scroll            |       |     6 |     5 ||    11
Armor: Skin              |     6 |     7 |    14 ||    27
Dodge: Dodged            |    14 |    51 |    59 ||   124
Block: Buckler           |       |       |     8 ||     8
